 Dungeon Crawl Stone Soup version 0.30-a0-586-g23e55c9e0a (webtiles) character file.

Game seed: 12075652556747031372

505 Dartaoz the Shooter (level 6, -3/84 HPs)
             Began as a Minotaur Hunter on Jan 3, 2023.
             Slain by a killer bee (7 damage)
             ... on level 4 of the Dungeon.
             The game lasted 00:15:07 (2601 turns).

Dartaoz the Shooter (Minotaur Hunter)               Turns: 2601, Time: 00:15:07

Health: -3/84      AC:  5    Str: 15    XL:     6   Next: 96%
Magic:  5/5        EV: 13    Int:  6    God:
Gold:   180        SH:  0    Dex: 22    Spells: 5/5 levels left

rFire   . . .      SeeInvis .    a - +0 shortbow
rCold   . . .      Faith    .    (shield currently unavailable)
rNeg    . . .      Spirit   .    p - +0 ring mail
rPois   .          Reflect  .    (helmet restricted)
rElec   .          Harm     .    (no cloak)
rCorr   .          Rampage  .    (no gloves)
Will    .....                    (no boots) Stlth
                                 (no amulet)
HPRegen 0.34/turn                f - +4 ring of slaying
MPRegen 0.09/turn                n - +6 ring of dexterity

@: berserking, lethally poisoned (-3 -> -5), very quick
A: horns 2, retaliatory headbutt
a: no special abilities


You were on level 4 of the Dungeon.
You visited 1 branch of the dungeon, and saw 4 of its levels.

You collected 180 gold pieces.

Inventory:

Hand Weapons
 a - a +0 shortbow (weapon)
Armour
 c - a +0 leather armour
 e - a +0 helmet
 p - a +0 ring mail (worn)
Jewellery
 f - a +4 ring of slaying (left hand)
 n - a +6 ring of dexterity (right hand)
 o - a ring of protection from fire
 x - an amulet of guardian spirit
 y - a +5 ring of evasion
Wands
 u - a wand of digging (2)
Scrolls
 b - 3 scrolls of immolation
 i - 2 scrolls of amnesia {unknown}
 j - a scroll of summoning {unknown}
 k - a scroll of fear {unknown}
 l - a scroll of fog
 q - a scroll of magic mapping {unknown}
 r - a scroll of blinking
 w - a scroll of enchant weapon {unknown}
Potions
 d - 3 potions of cancellation
 g - a potion of lignification
 m - 2 potions of flight
 t - a potion of might {unknown}
 v - 2 potions of attraction


   Skills:
 + Level 5.0 Fighting
 + Level 5.9 Ranged Weapons
 + Level 4.0 Armour
 + Level 4.4 Dodging
 - Level 1.0 Stealth


You had 5 spell levels left.
You didn't know any spells.
Your spell library contained the following spells:

 Spells                   Type           Power      Damage    Failure   Level
 Slow                     Hex            0%         N/A       67%         1
 Confusing Touch          Hex            0%         N/A       95%         3
 Vampiric Draining        Necr           0%         2d6       95%         3


Dungeon Overview and Level Annotations

Branches:
Dungeon (4/15)
 Temple: D:4-7

Altars:
Kikubaaqudgha
Sif Muna

Annotations:
D:4 3 runed translucent doors, M4edhros's ghost, weakling OpCK


Innate Abilities, Weirdness & Mutations

You have a pair of horns on your head.
You reflexively headbutt those who attack you in melee.


Message History

The killer bee attacks as you move away!
The killer bee completely misses you.
You feel sick. The killer bee stings you.
You feel sick. The killer bee closely misses you.
The killer bee attacks as you move away!
The killer bee barely misses you.
You feel sick.
You are no longer poisoned.
The killer bee stings you. The killer bee barely misses you.
The killer bee attacks as you move away!
The killer bee stings you. x2
You are poisoned.
The killer bee poisons you! The killer bee misses you.
The killer bee attacks as you move away!
The killer bee stings you.
You feel very sick. The killer bee stings you. The killer bee misses you.
You furiously retaliate!
You headbutt the killer bee. The killer bee stings you!
* * * LOW HITPOINT WARNING * * *
It was a potion of berserk rage.
A red film seems to cover your vision as you go berserk!
You feel yourself moving faster!
You feel mighty!
You feel sick. The killer bee misses you. The killer bee barely misses you. x3
Really attack while wielding your +0 shortbow?
Okay, then.
You are too berserk!
Really attack while wielding your +0 shortbow? [Y]es or [N]o only, please.
Really attack while wielding your +0 shortbow?
You clumsily bash the killer bee.
Your headbutt misses the killer bee.
The killer bee is heavily wounded.
You feel sick. The killer bee misses you. The killer bee stings you!
* * * LOW HITPOINT WARNING * * *
The killer bee stings you.
* * * LOW HITPOINT WARNING * * *
The killer bee stings you but does no damage.
The killer bee attacks as you move away!
The killer bee stings you but does no damage.
You feel sick.
The killer bee attacks as you move away!
The killer bee stings you!
You die...

.................................
.....##.....................#.#..
.....##.....................#.##.
.....###.#.....#####........#..#.
.....# #.####### #........#..#.
.....# #..######## #........#.##.
.....# ##[.......# #........#....
###### ########.#########......#
#@.########...[...
###########y......##.......
##........y.y#####.##.......
...........yy# #.###.#...#
##...........# #...#.#.#..
.............# ###.....###
##......##.#.###.. ###.#.#..
#................ #.#.#..
#####.....#.###.. #.#....


You could see 3 killer bees.

Vanquished Creatures
  Sigmund (D:3)
  An ogre (D:4)
  A jelly (D:4)
  A hound (D:3)
  Jessica (D:3)
  An iguana (D:4)
  An orc wizard (D:3)
  Robin (D:3)
  3 adders
  A white imp (D:3)
  A dart slug (D:1)
  6 orcs
  8 ball pythons
  2 endoplasms
  5 giant cockroaches
  15 goblins
  11 hobgoblins
  9 quokkas
  A bat (D:2)
  4 frilled lizards (D:2)
  3 kobolds
  3 rats
80 creatures vanquished.

Notes
Turn   | Place    | Note
-------+----------+-------------------------------------------
     0 | D:1      | Dartaoz the Minotaur Hunter began the quest for the Orb.
     0 | D:1      | Reached XP level 1. HP: 18/18 MP: 0/0
    79 | D:1      | Reached skill level 1 in Stealth
   156 | D:1      | Reached XP level 2. HP: 25/25 MP: 1/1
   532 | D:1      | Reached skill level 1 in Armour
   806 | D:2      | Reached XP level 3. HP: 9/31 MP: 2/2
  1290 | D:2      | Reached XP level 4. HP: 38/38 MP: 3/3
  1494 | D:3      | Found a shimmering blue altar of Sif Muna.
  1586 | D:3      | Reached skill level 5 in Ranged Weapons
  1627 | D:3      | Reached XP level 5. HP: 45/46 MP: 4/4
  1673 | D:3      | Noticed Jessica
  1675 | D:3      | Killed Jessica
  1716 | D:3      | Identified the +1 helmet of Paranoia {Harm +Inv Str-5
                  | Stlth+}
  1716 | D:3      | Noticed Robin
  1735 | D:3      | Killed Robin
  1846 | D:3      | Noticed Sigmund
  1852 | D:3      | Killed Sigmund
  1853 | D:3      | Reached XP level 6. HP: 53/53 MP: 5/5
  2261 | D:4      | Found an ancient bone altar of Kikubaaqudgha.
  2312 | D:4      | Reached skill level 5 in Fighting
  2394 | D:4      | Found a runed translucent gate.
  2395 | D:4      | Found a runed translucent gate.
  2395 | D:4      | Identified the +11 sling of the Establishment {speed,
                  | Str+5}
  2395 | D:4      | Identified the +6 chain mail of Paranoia {rF++}
  2395 | D:4      | Noticed M4edhros's ghost (weakling OpCK)
  2396 | D:4      | Found a runed translucent gate.
  2600 | D:4      | HP: 4/84 [poisoned by a killer bee]
  2601 | D:4      | Slain by a killer bee

Illustrated notes

Levels and vault maps discovered:
D:1:      denvon_arrival_waterhouse, layout_basic
D:2:      layout_basic, hangedman_feature_mirror
D:3:      layout_rooms, led_sif_pool, serial_rivers,
          chequers_serial_rivers_small_3, chequers_serial_rivers_micro_a,
          chequers_serial_rivers_micro_b, chequers_serial_rivers_micro_b,
          uniq_sigmund, uniq_jessica, uniq_robin
D:4:      layout_basic, nicolae_kikubaaqudgha_miasma_corner,
          biasface_ghost_orc_armoury, sigmund_army

Skill      XL: |  1  2  3  4  5  6 |
---------------+-------------------+-----
Stealth        | 1 |  1.0
Fighting       | 3 4 5 |  5.0
Armour         | 1 2 3 4 |  4.0
Dodging        | 3 4 |  4.4
Ranged Weapons | 5 |  5.9

Action                   |  1- 3 |  4- 6 || total
-------------------------+-------+-------++-------
Melee: Shortbow          |       |     1 ||     1
 Fire: Shortbow          |    84 |    85 ||   169
  Use: Scroll            |       |     7 ||     7
       Potion            |       |     1 ||     1
Armor: Leather armour    |     2 |       ||     2
       Ring mail         |       |    12 ||    12
Dodge: Dodged            |    17 |    47 ||    64

Table legend: (Time is in decaauts)
 A = Elapsed time spent in this place.
 B = Non-inter-level travel time spent in this place.
 C = Inter-level travel time spent in this place.
 D = Time resting spent in this place.
 E = Time spent auto-exploring this place.
 F = Levels seen in this place.
 G = Mean time per level.
                   A        B        C        D        E       F      G
               +--------+--------+--------+--------+--------+-----+--------+
         Total |   2661 |   2661 |      0 |    217 |   1954 |   4 |  665.2 |
       Dungeon |   2661 |   2661 |      0 |    217 |   1954 |   4 |  665.2 |
               +--------+--------+--------+--------+--------+-----+--------+

Top non-repeatable levels by time:
     D:1: 809 daAuts
     D:3: 647 daAuts
     D:2: 634 daAuts
     D:4: 569 daAuts
